 Dungeon Crawl Stone Soup version 0.29.1-15-g9cfb28693d (webtiles) character file.

Game seed: 13374348151809830589

73 Eitelfritz the Sneak (level 4, -2/27 HPs)
             Began as a Kobold Brigand on Apr 14, 2023.
             Slain by a phantom (5 damage)
             ... on level 3 of the Dungeon.
             The game lasted 00:03:43 (1990 turns).

Eitelfritz the Sneak (Kobold Brigand)               Turns: 1990, Time: 00:03:43

Health: -2/27      AC:  3    Str: 10    XL:     4   Next: 51%
Magic:  4/4        EV: 14    Int: 12    God:
Gold:   31         SH:  0    Dex: 16    Spells: 3/3 levels left

rFire   . . .      SeeInvis .   a - +1 dagger (venom)
rCold   . . .      Faith    .   (no shield)
rNeg    . . .      Spirit   .   b - +0 robe
rPois   .          Reflect  .   (no helmet)
rElec   .          Harm     .   c - +0 cloak
rCorr   +          Rampage  .   (no gloves)
Will    .....                   (no boots)
Stlth   +++++.....              (no amulet)
HPRegen 0.09/turn               k - ring of resist corrosion
MPRegen 0.09/turn               (no ring)

@: no status effects
A: small, no large weapons, nightstalker 3
a: no special abilities


You were on level 3 of the Dungeon.
You visited 1 branch of the dungeon, and saw 3 of its levels.

You collected 106 gold pieces.
You spent 75 gold pieces at shops.

Inventory:

Hand Weapons
 a - a +1 dagger of venom (weapon)
 h - a +2 dagger
Missiles
 d - 9 poisoned darts (quivered)
 e - 3 curare-tipped darts
Armour
 b - a +0 robe (worn)
 c - a +0 cloak (worn)
Jewellery
 k - a ring of resist corrosion (left hand)
Scrolls
 f - 2 scrolls of magic mapping {unknown}
 g - 3 scrolls of amnesia {unknown}
 i - a scroll of enchant armour {unknown}
 l - a scroll of fog {unknown}
 m - a scroll of torment {unknown}
 n - a scroll of immolation {unknown}
 o - a scroll of vulnerability {unknown}
 p - a scroll of fear {unknown}
Potions
 j - 2 potions of might {unknown}
 q - a potion of curing {unknown}


   Skills:
 + Level 2.6 Fighting
 + Level 3.2 Short Blades
 + Level 2.2 Throwing
 + Level 1.4 Dodging
 + Level 7.2 Stealth


You had 3 spell levels left.
You didn't know any spells.
Your spell library contained the following spells:

 Spells                   Type           Power      Damage    Failure   Level
 Sandblast                Erth           0%         2d4       32%         1
 Passwall                 Tmut/Erth      0%         N/A       45%         2
 Stone Arrow              Conj/Erth      0%         3d7       69%         3


Dungeon Overview and Level Annotations

Branches:
Dungeon (3/15)

Altars:
Trog

Shops:
D:2 *

Annotations:
D:2 1 runed translucent door, Crazy Yiuf


Innate Abilities, Weirdness & Mutations

You are small and have problems with some larger weapons.
You are completely attuned to the shadows.


Message History

The phantom is moderately damaged.
The phantom hits you.
You hit the phantom.
The phantom is heavily damaged.
You closely miss the phantom.
The phantom is heavily damaged.
The phantom barely misses you.
You miss the phantom.
The phantom is heavily damaged.
The phantom hits you.
You hit the phantom.
The phantom is heavily damaged.
The phantom barely misses you.
You closely miss the phantom.
The phantom is heavily damaged.
The phantom closely misses you.
You completely miss the phantom.
The phantom is heavily damaged.
The phantom hits you but does no damage.
You hit the phantom but do no damage.
The phantom is heavily damaged.
You completely miss the phantom.
The phantom is heavily damaged.
The phantom hits you but does no damage.
You closely miss the phantom.
The phantom is heavily damaged.
The phantom hits you.
* * * LOW HITPOINT WARNING * * *
The phantom blinks!
You blink.
You hit the phantom.
The phantom is severely damaged.
The phantom hits you.
* * * LOW HITPOINT WARNING * * *
The phantom blinks!
You blink.
The phantom attacks as you move away! The phantom hits you.
* * * LOW HITPOINT WARNING * * *
You hit the phantom.
The phantom is severely damaged.
The phantom hits you.
You die...

#....#.# #...
#.#....#.# #...
#.#....#.# #...
.###.#...§#.#####...
.........§..........
#........#.#####...
#...#....#.# #...
#...#..###.######.#
#.@W...............
#...#.....†.#####.#
.#...#..............
....................
.##.##..###.........
#^........#######.
......#...........
...................
#.##..#######.....


You could see a phantom.

Vanquished Creatures
  A scorpion zombie (D:2)
  An adder (D:2)
  An adder skeleton (D:2)
  A dart slug (D:2)
  3 orcs (D:3)
  2 ball pythons
  A bat (D:1)
  2 bat zombies (D:2)
  A giant cockroach (D:2)
  3 goblins
  6 hobgoblins
  A quokka (D:1)
  A ball python skeleton (D:2)
  2 ball python zombies (D:2)
  A frilled lizard (D:1)
  2 kobolds (D:1)
  3 rats
32 creatures vanquished.

Notes
Turn   | Place    | Note
-------+----------+-------------------------------------------
     0 | D:1      | Eitelfritz the Kobold Brigand began the quest for the Orb.
     0 | D:1      | Reached XP level 1. HP: 12/12 MP: 1/1
   185 | D:1      | Reached XP level 2. HP: 16/17 MP: 2/2
   424 | D:1      | Reached skill level 6 in Stealth
   707 | D:1      | Noticed an orange demon
   711 | D:1      | Found a faded altar of an unknown god.
   907 | D:2      | Reached XP level 3. HP: 17/22 MP: 3/3
  1101 | D:2      | Found a runed translucent door.
  1104 | D:2      | Noticed Crazy Yiuf
  1149 | D:2      | Found Wuettysy's Assorted Antiques.
  1166 | D:2      | Bought a scroll labelled HOSEON HYNNEL for 26 gold pieces
  1333 | D:2      | Found a bloodstained altar of Trog.
  1359 | D:2      | Reached XP level 4. HP: 27/27 MP: 4/4
  1362 | D:2      | Reached skill level 7 in Stealth
  1666 | D:2      | Bought a scroll labelled YSHUV VYPSUL for 26 gold pieces
  1666 | D:2      | Bought an emerald potion for 23 gold pieces
  1958 | D:3      | Noticed a phantom
  1990 | D:3      | Slain by a phantom

Illustrated notes

Levels and vault maps discovered:
D:1:      doesnt_arrival_eight_statues, layout_basic,
          dreamdust_ecumenical_altar_sealed_demon
D:2:      layout_basic, basic_altar, serial_undead, serial_undead_e,
          serial_undead_a, serial_undead_d, serial_undead_d, serial_undead_f,
          serial_undead_b, serial_shops, nicolae_shop_statue_plus,
          minmay_misc_feat_roman, uniq_crazy_yiuf_cottage
D:3:      layout_basic, guppyfry_early_orc_mine

Skill      XL: |  1  2  3  4 |
---------------+-------------+-----
Stealth        | 6 7 |  7.2
Short Blades   | 3 |  3.2
Fighting       | |  2.6
Throwing       | |  2.2
Dodging        | |  1.4

Action                   |  1- 3 |  4- 6 || total
-------------------------+-------+-------++-------
Melee: Dagger            |    38 |    57 ||    95
 Stab: Sleeping          |    12 |     5 ||    17
Armor: Robe              |     4 |     9 ||    13
Dodge: Dodged            |    22 |    23 ||    45
